 Dungeon Crawl Stone Soup version 0.31-a0-259-g771a54ca4b (webtiles) character file.

Game seed: 14249516745604423462

107 qw the Shooter (level 4, -2/26 HPs)
             Began as a Gargoyle Hexslinger on July 13, 2023.
             Slain by a gnoll
             ... wielding a +0 club
              (3 damage)
             ... on level 3 of the Dungeon.
             The game lasted 00:00:48 (1785 turns).

qw the Shooter (Gargoyle Hexslinger)                Turns: 1785, Time: 00:00:49

Health: -2/26      AC:  8    Str: 11    XL:     4   Next: 86%
Magic:  5/5        EV: 10    Int: 14    God:
Gold:   149        SH:  0    Dex: 14    Spells: 4/5 levels left

rFire   . . .        Y - +1 sling
rCold   . . .        (no shield)
rNeg    + . .        h - +0 ring mail
rPois   inf          (no helmet)
rElec   +            (no cloak)
rCorr   .            (no gloves)
SInv    .            (no boots)
Will    .....        (no amulet)
Stlth   +            (no ring)
HPRegen 0.24/turn    (no ring)
MPRegen 0.09/turn

%: no passive effects
@: no status effects
A: sickness immunity, AC +3, negative energy resistance 1, electricity
resistance, torment resistance 1, petrification resistance
a: no special abilities


You were on level 3 of the Dungeon.
You visited 1 branch of the dungeon, and saw 3 of its levels.

You collected 149 gold pieces.


Innate Abilities, Weirdness & Mutations

You are immune to sickness and miasma.
Your stone body is resilient. (AC +3)
You are immune to poison.
You resist negative energy. (rN+)
You are resistant to electric shocks. (rElec)
You are resistant to unholy torment.
You are immune to petrification.


   Skills:
 - Level 2.0 Fighting
 + Level 4.4 Ranged Weapons
 - Level 1.0 Armour
 - Level 1.5 Dodging
 - Level 1.0 Spellcasting
 - Level 2.6 Hexes


You had 4 spell levels left.
You knew the following spells:

 Your Spells              Type           Power      Damage    Failure   Level
a - Slow                  Hex            32%        N/A       21%         1

Your spell library contained the following spells:

 Spells                   Type           Power      Damage    Failure   Level
 Inner Flame              Hex/Fire       4%         N/A       71%         3
 Portal Projectile        Hex/Tloc       8%         N/A       71%         3
 Cause Fear               Hex            4%         N/A       90%         4

Inventory:

Hand Weapons
 Y - a +1 sling (weapon)
Armour
 h - a +0 ring mail (worn)
Jewellery
 d - a ring of flight
 e - a ring of ice
Scrolls
 a - a scroll of fear {unknown}
Potions
 b - a potion of haste {unknown}
 c - a potion of enlightenment {unknown}
 i - 2 potions of curing

Dungeon Overview and Level Annotations

Branches:
Dungeon (3/15)

Altars:

Shops:
D:2 =


Message History

You shoot a sling bullet. The sling bullet hits the kobold.
The kobold is severely wounded.
The kobold throws a stone.
The stone closely misses you.
You shoot a sling bullet.
The sling bullet closely misses the kobold.
The sling bullet hits the gnoll!
The gnoll is heavily wounded.
The kobold barely misses you.
You shoot a sling bullet. The sling bullet hits the kobold.
You kill the kobold!
The gnoll closely misses you.
You shoot a sling bullet.
The sling bullet closely misses the gnoll.
The gnoll hits you but does no damage. The gnoll closely misses you.
You shoot a sling bullet.
The sling bullet barely misses the gnoll.
The sling bullet completely misses the gnoll.
The gnoll barely misses you. The gnoll hits you with a +0 club.
The gnoll misses you. The gnoll hits you but does no damage.
The gnoll barely misses you.
You shoot a sling bullet. The sling bullet hits the gnoll.
The gnoll is almost dead.
The gnoll hits you with a +0 flail. The gnoll hits you but does no damage.
The gnoll closely misses you.
You shoot a sling bullet.
The sling bullet completely misses the gnoll.
The gnoll hits you with a +0 club. The gnoll barely misses you.
The gnoll closely misses you.
You shoot a sling bullet. The sling bullet hits the gnoll.
The gnoll is almost dead.
The gnoll hits you but does no damage. The gnoll hits you with a +0 flail!
The gnoll misses you. The gnoll hits you but does no damage.
The gnoll hits you with a +0 club. The gnoll hits you with a +0 flail.
You shoot a sling bullet. The sling bullet hits the gnoll.
You kill the gnoll!
The gnoll hits you with a +0 club. The gnoll closely misses you.
You shoot a sling bullet.
The sling bullet barely misses the gnoll.
The gnoll hits you with a +0 club.
You die...

# ##................ #
#................. #
#................. #
###................. #
#..>........#....... #
###.##.......##.......
#...###....### .......
####.###
#.##..)#........
###..%.# #....@g......
....####
###..###gw.....
....######...##
....... ...###......##
....).. ...# #.######
....... ...# ###
....... ...# .......
...# ....... ..>#


You could see a worm and 2 gnolls.

Vanquished Creatures
  A gnoll (D:3)
  2 adders
  9 dart slugs
  An orc (D:3)
  4 endoplasms
  A giant cockroach (D:1)
  4 goblins
  7 hobgoblins
  4 jackals (D:1)
  2 quokkas (D:1)
  2 ball pythons
  6 bats
  A frilled lizard (D:1)
  7 kobolds
  4 rats (D:1)
55 creatures vanquished.

Notes
Turn   | Place    | Note
-------+----------+-------------------------------------------
     0 | D:1      | qw the Gargoyle Hexslinger began the quest for the Orb.
     0 | D:1      | Reached XP level 1. HP: 12/12 MP: 2/2
     0 | D:1      | 0 ||| qw: Version: 0.3-a-52-g30416fa
     0 | D:1      | 0 ||| qw: Game counter: 6908
     0 | D:1      | 0 ||| qw: Melee chars always use a shield: true
     0 | D:1      | 0 ||| qw: God list: Okawaru
     0 | D:1      | 0 ||| qw: Allow faded altars: false
     0 | D:1      | 0 ||| qw: Do Orc after clearing Dungeon:15 true
     0 | D:1      | 0 ||| qw: Do second Lair branch before Depths: true
     0 | D:1      | 0 ||| qw: Lair rune preference: random
     0 | D:1      | 0 ||| qw: Goals: Normal
     0 | D:1      | 0 ||| PLANNING D:1-11
    79 | D:1      | Reached XP level 2. HP: 16/16 MP: 3/3
   265 | D:1      | Reached skill level 3 in Ranged Weapons
   458 | D:1      | Reached XP level 3. HP: 21/21 MP: 4/4
   726 | D:1      | 726 ||| UPGRADING to +0 ring mail.
   736 | D:1      | 736 ||| DROPPING +0 robe.
   737 | D:1      | 737 ||| DROPPING ring of magical power.
   738 | D:1      | 738 ||| READING 2 scrolls labelled QOSUFI LEHIETZ.
   739 | D:1      | 739 ||| READING scroll labelled MISEGOMYBUA.
   740 | D:1      | 740 ||| READING scroll labelled KUIBELI VAFRIOBB.
   741 | D:1      | 741 ||| READING scroll labelled PIOBIECE RAUKU.
   745 | D:1      | 745 ||| READING scroll labelled LIONUTA LOROF.
   746 | D:1      | 746 ||| READING scroll labelled FIETWOCILI.
   747 | D:1      | 747 ||| DRINKING 2 murky cyan potions.
   748 | D:1      | 748 ||| DROPPING scroll of amnesia.
   749 | D:1      | 749 ||| DROPPING scroll of poison.
   792 | D:2      | Found a faded altar of an unknown god.
  1082 | D:2      | Found Huda's Jewellery Emporium.
  1112 | D:2      | 1112 ||| SHOPLISTING +5 ring of evasion (468 gold, have
                  | 134).
  1112 | D:2      | 1112 ||| SHOPLISTING amulet of Vemerud {RegenMP Fly MP+9
                  | Int-5 SInv} (672 gold, have 134).
  1112 | D:2      | 1112 ||| SHOPLISTING ring of Springtime {Wiz rElec rF++
                  | Stlth-} (781 gold, have 134).
  1112 | D:2      | 1112 ||| SHOPLISTING ring of positive energy (260 gold,
                  | have 134).
  1112 | D:2      | 1112 ||| SHOPLISTING ring of protection from fire (325
                  | gold, have 134).
  1365 | D:2      | 1365 ||| DROPPING scarf of invisibility.
  1391 | D:3      | 1391 ||| STAIRDANCE
  1410 | D:3      | 1410 ||| STAIRDANCE
  1425 | D:3      | Reached XP level 4. HP: 18/26 MP: 5/5
  1425 | D:3      | 1425 ||| STAIRDANCE
  1470 | D:3      | 1470 ||| STAIRDANCE
  1482 | D:2      | Reached skill level 4 in Ranged Weapons
  1523 | D:3      | 1523 ||| STAIRDANCE
  1552 | D:3      | 1552 ||| STAIRDANCE
  1576 | D:3      | 1576 ||| STAIRDANCE
  1600 | D:3      | Reached skill level 1 in Armour
  1604 | D:3      | 1604 ||| Stepping ~*~*~tactically~*~*~ (outnumbered).
  1783 | D:3      | HP: 5/26 [gnoll/+0 club (2)]
  1784 | D:3      | HP: 1/26 [gnoll/+0 club (3)]
  1785 | D:3      | Slain by a gnoll

Levels and vault maps discovered:
D:1:      eino_arrival_water_star, layout_basic
D:2:      layout_basic, hellmonk_ecumenical_altar_pennies_from_heaven,
          serial_shops, nicolae_shop_tiny_waterfront
D:3:      kennysheep_slugbush, layout_rooms, chequers_temple_overflow_minitemple

Skill      XL: |  1  2  3  4 |
---------------+-------------+-----
Ranged Weapons | 3 4 |  4.4
Fighting       | 2 |  2.0
Armour         | 1 |  1.0
Dodging        | |  1.5
Spellcasting   | |  1.0
Hexes          | |  2.6

Action                     |  1- 3 |  4- 6 || total
---------------------------+-------+-------++-------
   Fire: Sling             |   123 |    65 ||   188
    Use: Scroll            |     6 |       ||     6
         Potion            |     1 |       ||     1
 Armour: Robe              |    13 |       ||    13
         Ring mail         |    15 |    30 ||    45
  Dodge: Dodged            |    42 |    35 ||    77

Table legend:
 A = Non-vault XP
 B = Vault XP
 C = Vault XP percentage of total XP
 D = Non-vault monster count
 E = Vault monster count
 F = Vault count percentage of total count
                 A         B        C        D         E       F
            +---------+---------+-------+---------+---------+-------
      Total |     118 |      36 |  23.4 |      46 |       9 |  16.4
            +---------+---------+-------+---------+---------+-------
        D:1 |      52 |       0 |   0.0 |      31 |       0 |   0.0
        D:2 |      27 |       8 |  22.9 |       8 |       2 |  20.0
        D:3 |      39 |      28 |  41.8 |       7 |       7 |  50.0
            +---------+---------+-------+---------+---------+-------
